 Dungeon Crawl Stone Soup version 0.22.1-1-ga44c0e5 (webtiles) character file.

145 Lavandula the Chopper (level 5, -5/46 HPs)
             Began as a Centaur Berserker on Sept 28, 2018.
             Was a Believer of Trog.
             Killed by divine providence
             ... invoked by an orc priest
              (9 damage)
             ... on level 4 of the Dungeon.
             The game lasted 00:04:58 (918 turns).

Lavandula the Chopper (Centaur Berserker)            Turns: 918, Time: 00:04:58

Health: -5/46      AC:  6    Str: 21    XL:     5   Next: 6%
Magic:  5/5        EV:  9    Int:  6    God:    Trog [**....]
Gold:   74         SH:  0    Dex:  8    Spells: 4/4 levels left

rFire    . . .     SeeInvis .   a - +0 hand axe
rCold    . . .     Gourm    .   (no shield)
rNeg     . . .     Faith    .   e - +1 ring mail {rPois}
rPois    +         Spirit   .   (no helmet)
rElec    .         Reflect  .   (no cloak)
rCorr    .         Harm     .   (no gloves)
MR       .....                  (no barding)
Stlth    ..........             (no amulet)
HPRegen  0.15/turn              (no ring)
MPRegen  0.09/turn              (no ring)

@: berserk cooldown, slowed
A: large, hooves 3, deformed body, speed 2, tough skin 3
a: Berserk, Trog's Hand, Renounce Religion


You were on level 4 of the Dungeon.
You worshipped Trog.
Trog was pleased with you.
You were very hungry.

You visited 1 branch of the dungeon, and saw 4 of its levels.

You collected 74 gold pieces.

Inventory:

Hand Weapons
 a - a +0 hand axe (weapon)
 i - a +0 hunting sling
Armour
 b - a +0 animal skin
 e - a +1 ring mail of poison resistance (worn)
Wands
 m - a wand of flame (14)
Scrolls
 d - a scroll of blinking {unknown}
 f - a scroll of noise {unknown}
 g - a scroll of magic mapping {unknown}
 h - a scroll of teleportation {unknown}
 j - a scroll of identify {unknown}
 k - a scroll of enchant weapon {unknown}
 n - a scroll of enchant armour {unknown}
Comestibles
 c - 4 rations
 l - a chunk of flesh


   Skills:
 + Level 4.0 Fighting
 - Level 4.7 Axes
 - Level 1.3 Armour
 - Level 1.3 Dodging


You had 4 spell levels left.
You didn't know any spells.
Your spell library was empty.

Dungeon Overview and Level Annotations

Branches:
Dungeon (4/15)
 Temple: D:4-7

Altars:
Gozag
Hepliaklqana
Makhleb
Nemelex Xobeh


Innate Abilities, Weirdness & Mutations

You have hooves in place of feet.
Armour fits poorly on your strangely shaped body.
You cover ground very quickly.
You have extremely tough skin. (AC +3)


Message History

You closely miss the orc priest. You kick the orc priest.
The orc priest is lightly wounded.
You closely miss the orc priest.
The orc priest is lightly wounded.
You completely miss the hound. The orc barely misses you.
The orc priest hits you.
* * * LOW HITPOINT WARNING * * *
The hound barely misses you.
Unknown command.
You hit the orc priest. Your kick misses the orc priest.
The orc priest is moderately wounded.
You closely miss the hound.
You are no longer berserk.
You are exhausted.
You feel yourself slow down. The hound bites you but does no damage.
Unknown command.
The orc hits you but does no damage.
The orc priest calls down the wrath of Beogh upon you.
Beogh smites you!
You die...

. .. .. ..# ..s
######..##. #.o
#..........
#.o.##..........
#...oho.........
#).o....######### #...
#@).)...##.....>## #.%.
#.)†)......<.!...#
#...##.).)..........[.# .
#.......(.............#
..##...##...##..###.....##
.......##...##..# #######
.............# ..#
.$...........# .#
.............# .#


You could see a hound, an orc priest and an orc.

Vanquished Creatures
  2 orc priests (D:4)
  An orc wizard (D:4)
  2 adders
  2 oozes
  A worm (D:2)
  A dart slug (D:1)
  A leopard gecko (D:3)
  7 orcs
  2 bats
  2 giant cockroaches (D:3)
  3 goblins
  A hobgoblin (D:2)
  2 jackals (D:3)
  3 kobolds
  2 quokkas
  3 frilled lizards (D:3)
  A rat (D:3)
36 creatures vanquished.

Notes
Turn   | Place    | Note
-------+----------+-------------------------------------------
     0 | D:1      | Lavandula the Centaur Berserker began the quest for the
                  | Orb.
     0 | D:1      | Reached XP level 1. HP: 19/19 MP: 1/1
    15 | D:2      | Reached XP level 2. HP: 26/26 MP: 2/2
   185 | D:3      | Found a burning altar of Makhleb.
   362 | D:2      | Reached XP level 3. HP: 31/31 MP: 3/3
   518 | D:3      | Found a hazy altar of Hepliaklqana.
   700 | D:3      | Found a sparkling altar of Nemelex Xobeh.
   824 | D:3      | Found an opulent altar of Gozag.
   900 | D:4      | Reached ** piety under Trog
   901 | D:4      | Reached XP level 4. HP: 25/38 MP: 4/4
   911 | D:4      | Noticed a phantom
   913 | D:4      | Reached XP level 5. HP: 6/46 MP: 5/5
   918 | D:4      | Killed from afar by an orc priest

Skill      XL: |  1  2  3  4 |
---------------+-------------+-----
Axes           | 3 4 |  4.7
Fighting       | 4 |  4.0
Armour         | |  1.3
Dodging        | |  1.3

Action                   |  1- 3 |  4- 6 || total
-------------------------+-------+-------++-------
Melee: Hand axe          |    64 |    13 ||    77
       Kick              |    10 |     3 ||    13
Invok: Berserk           |     3 |       ||     3
  Eat: Chunk             |     1 |       ||     1
Armor: Animal skin       |     7 |       ||     7
       Ring mail         |    41 |     3 ||    44
Dodge: Dodged            |    40 |     8 ||    48
